3L
KINGSTON TOWNSHIP LEGION @ CHICAGO HAWKS
08/30/2029
 
TOP OF THE 1ST
Kingston Township Legion batting - Pitching for Chicago Hawks : RHP Lucas Begay
Pitching: RHP Lucas Begay
Batting: RHB Elia Amberezzio 0-0: Ball
1-0: Ground out U3 (Groundball, 34)
Batting: RHB Dani Trejo 0-0: Ball
1-0: Ball
2-0: Called Strike
2-1: Foul Ball, location: 2F
2-2: Strikes out swinging
Batting: RHB EP Weston 0-0: Ball
1-0: Ball
2-0: Ball
3-0: Called Strike
3-1: Called Strike
3-2: Fly out, F8 (Flyball, 8LM)
Top of the 1st over - 0 runs, 0 hits, 0 errors, 0 left on base; Kingston Township 0 - Chicago 0
BOTTOM OF THE 1ST
Chicago Hawks batting - Pitching for Kingston Township Legion : RHP Alfonso Miranda
Pitching: RHP Alfonso Miranda
Batting: RHB Luis Rodríguez 0-0: Ball
1-0: Ball
2-0: Ball
3-0: Called Strike
3-1: Foul Ball, location: 2F
3-2: Fly out, F8 (Line Drive, 8LM)
Batting: RHB Paddy Hodnett 0-0: Ball
1-0: Ball
2-0: SINGLE (Line Drive, 34D)
Batting: LHB Jeff Simpson 0-0: Ball
1-0: Foul Ball, location: 2F
1-1: Reached on error, E9 (Flyball, 89D)
Paddy Hodnett to second
Batting: RHB Curt Kenney 0-0: SINGLE (Flyball, 9S)
Paddy Hodnett to third
Jeff Simpson to second
Runner from 3rd tries for Home, SAFE, throw made home
Batting: LHB Curt Wilson 0-0: Called Strike
0-1: Fly out, F9 (Line Drive, 9S)
Pitching: RHP Yosuke Takahashi
Batting: LHB Albert González 0-0: Called Strike
0-1: SINGLE (Line Drive, 6D)
Jeff Simpson to third
Curt Kenney to second
Runner from 3rd tries for Home, SAFE, no throw
Batting: SHB Juan Ortega 0-0: Ball
1-0: Ground out 1-3 (Groundball, 13)
Bottom of the 1st over - 2 runs, 3 hits, 1 error, 2 left on base; Kingston Township 0 - Chicago 2
TOP OF THE 2ND
Kingston Township Legion batting - Pitching for Chicago Hawks : RHP Lucas Begay
Batting: RHB Clarence Neal 0-0: Ball
1-0: Ball
2-0: Foul Ball, location: 2F
2-1: Ball
3-1: Base on Balls
Batting: RHB Jim Scott 0-0: Ball
1-0: Ball
2-0: SINGLE (Flyball, 7S)
Clarence Neal to second
Batting: RHB Ron Bernard 0-0: Ball
1-0: Ball
2-0: Foul Ball, location: 2F
2-1: Fly out, F9 (Flyball, 9LM)
Batting: RHB José Icaza 0-0: Called Strike
0-1: Ball
1-1: Swinging Strike
1-2: Foul Ball, location: 2F
1-2: Ball
2-2: Ball
3-2: Foul Ball, location: 2F
3-2: Fly out, F8 (Flyball, 8LXD)
Runner from 2nd tags up, SAFE at 3rd, no throw
Batting: RHB Júlio Rodríguez 0-0: Ball
1-0: Ball
2-0: Fly out, F8 (Flyball, 8LM)
Top of the 2nd over - 0 runs, 1 hit, 0 errors, 2 left on base; Kingston Township 0 - Chicago 2
BOTTOM OF THE 2ND
Chicago Hawks batting - Pitching for Kingston Township Legion : RHP Yosuke Takahashi
Batting: RHB Vincente Rotham 0-0: Ground out 3-1 (Groundball, 3S)
Batting: LHB Perry Bothof 0-0: Ball
1-0: Called Strike
1-1: Swinging Strike
1-2: Foul Ball, location: 2F
1-2: DOUBLE (Line Drive, 8RD)
Batting: RHB Luis Rodríguez 0-0: Ball
1-0: Ball
Wild Pitch!
Perry Bothof to third
2-0: Foul Ball, location: 2F
2-1: Fly out, F9 (Flyball, 9S)
Batting: RHB Paddy Hodnett 0-0: Ball
1-0: Ball
2-0: SINGLE (Groundball, 34D)
Perry Bothof scores
Batting: LHB Jeff Simpson 0-0: Ball
1-0: Called Strike
1-1: Foul Ball, location: 2F
1-2: Ball
2-2: Foul Ball, location: 2F
2-2: Strikes out swinging
Bottom of the 2nd over - 1 run, 2 hits, 0 errors, 1 left on base; Kingston Township 0 - Chicago 3
TOP OF THE 3RD
Kingston Township Legion batting - Pitching for Chicago Hawks : RHP Lucas Begay
Batting: LHB Mike Gardner 0-0: Called Strike
0-1: Ball
1-1: Foul Ball, location: 2F
1-2: Ball
2-2: Ball
3-2: Fly out, F3 (Line Drive, 3L)
Batting: RHB Elia Amberezzio 0-0: Ground out 1-3 (Groundball, P)
Batting: RHB Dani Trejo 0-0: Ball
1-0: Called Strike
1-1: Ball
2-1: Foul Ball, location: 2F
2-2: Foul Ball, location: 2F
2-2: SINGLE (Flyball, 89M)
Batting: RHB EP Weston 0-0: Called Strike
0-1: Ball
1-1: Ball
2-1: Foul Ball, location: 2F
2-2: Ball
3-2: Ground out 6-3 (Groundball, 6M)
Top of the 3rd over - 0 runs, 1 hit, 0 errors, 1 left on base; Kingston Township 0 - Chicago 3
BOTTOM OF THE 3RD
Chicago Hawks batting - Pitching for Kingston Township Legion : RHP Yosuke Takahashi
Batting: RHB Curt Kenney 0-0: Ball
1-0: Ground out 3-1 (Groundball, 34)
Batting: LHB Curt Wilson 0-0: Swinging Strike
0-1: Foul Ball, location: 2F
0-2: SINGLE (Flyball, 9S)
Batting: LHB Albert González 0-0: Called Strike
Curt Wilson steals 2nd base
0-1: Foul Ball, location: 2F
0-2: Ball
1-2: Ground out 4-3 (Groundball, 4)
Curt Wilson to third
Batting: SHB Juan Ortega 0-0: Called Strike
0-1: Ground out 6-3 (Groundball, 6)
Bottom of the 3rd over - 0 runs, 1 hit, 0 errors, 1 left on base; Kingston Township 0 - Chicago 3
TOP OF THE 4TH
Kingston Township Legion batting - Pitching for Chicago Hawks : RHP Lucas Begay
Batting: RHB Clarence Neal 0-0: Called Strike
0-1: SOLO HOME RUN (Flyball, 78XD), Distance : 382 ft
Batting: RHB Jim Scott 0-0: Ball
1-0: Called Strike
1-1: Called Strike
1-2: Strikes out looking
Batting: RHB Ron Bernard 0-0: Called Strike
0-1: SINGLE (Groundball, 4MD)
Batting: RHB José Icaza 0-0: Fielders Choice at 2nd, 1-6 (Groundball, 13)
Batting: RHB Júlio Rodríguez 0-0: Fielders Choice at 2nd, 5-4 (Groundball, 56)
Top of the 4th over - 1 run, 2 hits, 0 errors, 1 left on base; Kingston Township 1 - Chicago 3
BOTTOM OF THE 4TH
Chicago Hawks batting - Pitching for Kingston Township Legion : RHP Yosuke Takahashi
Batting: RHB Vincente Rotham 0-0: Ground out U3 (Groundball, 34)
Batting: LHB Perry Bothof 0-0: Ball
1-0: SINGLE (Line Drive, 4MD)
Batting: RHB Luis Rodríguez 0-0: Fielders Choice at 2nd, 3-6 (Groundball, 34)
Batting: RHB Paddy Hodnett 0-0: Called Strike
0-1: Ball
1-1: Ball
Luis Rodríguez is caught stealing 2nd base
Bottom of the 4th over - 0 runs, 1 hit, 0 errors, 0 left on base; Kingston Township 1 - Chicago 3
TOP OF THE 5TH
Kingston Township Legion batting - Pitching for Chicago Hawks : RHP Lucas Begay
Batting: LHB Mike Gardner 0-0: Ground out 3-1 (Groundball, 34S)
Batting: RHB Elia Amberezzio 0-0: Ground out 4-3 (Groundball, 4)
Batting: RHB Dani Trejo 0-0: Ball
1-0: Swinging Strike
1-1: Ball
2-1: Foul Ball, location: 2F
2-2: Strikes out swinging
Top of the 5th over - 0 runs, 0 hits, 0 errors, 0 left on base; Kingston Township 1 - Chicago 3
BOTTOM OF THE 5TH
Chicago Hawks batting - Pitching for Kingston Township Legion : RHP Yosuke Takahashi
Pitching: RHP Norberto Flores
Batting: RHB Paddy Hodnett 0-0: Ball
1-0: Ground out 6-3 (Groundball, 6)
Batting: LHB Jeff Simpson 0-0: Foul Ball, location: 2F
0-1: Ball
1-1: Ground out 6-3 (Groundball, 6)
Batting: RHB Curt Kenney 0-0: Called Strike
0-1: Ball
1-1: Ball
2-1: Ball
3-1: Swinging Strike
3-2: Foul Ball, location: 2F
3-2: Ground out 6-3 (Groundball, 6M)
Bottom of the 5th over - 0 runs, 0 hits, 0 errors, 0 left on base; Kingston Township 1 - Chicago 3
TOP OF THE 6TH
Kingston Township Legion batting - Pitching for Chicago Hawks : RHP Lucas Begay
Batting: RHB EP Weston 0-0: Fly out, F7 (Flyball, 7LS)
Batting: RHB Clarence Neal 0-0: Ball
1-0: Called Strike
1-1: Ball
2-1: Ball
3-1: Fly out, F8 (Flyball, 8LM)
Batting: RHB Jim Scott 0-0: Foul Ball, location: 2F
0-1: Called Strike
0-2: Strikes out swinging
Top of the 6th over - 0 runs, 0 hits, 0 errors, 0 left on base; Kingston Township 1 - Chicago 3
BOTTOM OF THE 6TH
Chicago Hawks batting - Pitching for Kingston Township Legion : RHP Norberto Flores
Batting: LHB Curt Wilson 0-0: Swinging Strike
0-1: Swinging Strike
0-2: Foul Ball, location: 2F
0-2: Foul Ball, location: 2F
0-2: Ground out 2-3 (Groundball, 2L)
Batting: LHB Albert González 0-0: Ball
1-0: Swinging Strike
1-1: Ball
2-1: Ground out 4-3 (Groundball, 4)
Batting: SHB Juan Ortega 0-0: Foul Ball, location: 2F
0-1: Foul Ball, location: 2F
0-2: Ball
1-2: Foul Ball, location: 2F
1-2: Strikes out swinging
Bottom of the 6th over - 0 runs, 0 hits, 0 errors, 0 left on base; Kingston Township 1 - Chicago 3
TOP OF THE 7TH
Kingston Township Legion batting - Pitching for Chicago Hawks : RHP Lucas Begay
Batting: RHB Ron Bernard 0-0: Called Strike
0-1: Swinging Strike
0-2: Ball
1-2: Ball
2-2: Strikes out swinging
Batting: RHB José Icaza 0-0: Fly out, F8 (Flyball, 8LS)
Batting: RHB Júlio Rodríguez 0-0: Ground out 6-3 (Groundball, 6)
Top of the 7th over - 0 runs, 0 hits, 0 errors, 0 left on base; Kingston Township 1 - Chicago 3
BOTTOM OF THE 7TH
Chicago Hawks batting - Pitching for Kingston Township Legion : RHP Norberto Flores
Batting: RHB Vincente Rotham 0-0: Swinging Strike
0-1: Ball
1-1: SINGLE (Groundball, 6D)
Batting: LHB Perry Bothof 0-0: Called Strike
0-1: Ball
1-1: Ball
2-1: Bunted foul
2-2: Foul Ball, location: 2F
2-2: Ball
3-2: Strikes out looking
Batting: RHB Luis Rodríguez 0-0: Ball
1-0: Called Strike
1-1: Ball
Vincente Rotham steals 2nd base
2-1: Foul Ball, location: 2F
2-2: Ball
3-2: Fly out, F4 (Line Drive, 4)
Batting: RHB Paddy Hodnett 0-0: Ball
1-0: Foul Ball, location: 2F
1-1: Ground out 5-3 (Groundball, 56S)
Bottom of the 7th over - 0 runs, 1 hit, 0 errors, 1 left on base; Kingston Township 1 - Chicago 3
TOP OF THE 8TH
Kingston Township Legion batting - Pitching for Chicago Hawks : RHP Lucas Begay
Now at 1B: Lorenzo Sabastro
Batting: LHB Mike Gardner 0-0: Ball
1-0: Ball
2-0: Called Strike
2-1: Fly out, F7 (Flyball, 7LS)
Batting: RHB Elia Amberezzio 0-0: Ball
1-0: Foul Ball, location: 2F
1-1: Called Strike
1-2: Ball
2-2: Fly out, F8 (Flyball, 8RD)
Batting: RHB Dani Trejo 0-0: Ground out 5-3 (Groundball, 5L)
Top of the 8th over - 0 runs, 0 hits, 0 errors, 0 left on base; Kingston Township 1 - Chicago 3
BOTTOM OF THE 8TH
Chicago Hawks batting - Pitching for Kingston Township Legion : RHP Norberto Flores
Batting: LHB Jeff Simpson 0-0: Ball
1-0: Ball
2-0: Called Strike
2-1: Fly out, F3 (Line Drive, 4)
Batting: RHB Curt Kenney 0-0: Ball
1-0: Swinging Strike
1-1: Ball
2-1: Ball
3-1: Ground out 5-3 (Groundball, 5)
Batting: LHB Curt Wilson 0-0: Called Strike
0-1: Ball
1-1: Ball
2-1: Ground out 5-3 (Groundball, 56)
Bottom of the 8th over - 0 runs, 0 hits, 0 errors, 0 left on base; Kingston Township 1 - Chicago 3
TOP OF THE 9TH
Kingston Township Legion batting - Pitching for Chicago Hawks : RHP Lucas Begay
Batting: RHB EP Weston 0-0: Ball
1-0: Fly out, F7 (Flyball, 7D)
Batting: RHB Clarence Neal 0-0: Ball
1-0: Ball
2-0: Ball
3-0: Called Strike
3-1: Foul Ball, location: 2F
3-2: Strikes out looking
Batting: RHB Jim Scott 0-0: Foul Ball, location: 2F
0-1: Foul Ball, location: 2F
0-2: Ball
1-2: Foul Ball, location: 2F
1-2: Ground out 6-3 (Groundball, 6S)
Top of the 9th over - 0 runs, 0 hits, 0 errors, 0 left on base; Kingston Township 1 - Chicago 3
Tuesday, December 19th, 2017 - OOTP Baseball 18.8 Build 76